 Dungeon Crawl Stone Soup version 0.22-a0-392-g5dc3fd9 (webtiles) character file.

6880 Kairos the Cleaver (level 10, 0/91 HPs)
             Began as a Deep Dwarf Fighter on May 1, 2018.
             Was a Believer of Makhleb.
             Slain by a crocodile (11 damage)
             ... on level 1 of the Lair of Beasts on May 2, 2018.
             The game lasted 00:32:03 (6079 turns).

Kairos the Cleaver (Deep Dwarf Fighter)             Turns: 6079, Time: 00:32:04

Health: 0/91       AC: 21    Str: 23    XL:     10   Next: 79%
Magic:  11/11      EV:  7    Int:  9    God:    Makhleb [**....]
Gold:   570        SH: 18    Dex: 12    Spells: 9/9 levels left

rFire    + . .     SeeInvis .   H - +4 war axe
rCold    + . .     Gourm    .   p - +0 large shield
rNeg     + . .     Faith    +   g - +0 plate armour
rPois    .         Spirit   .   z - +2 helmet
rElec    .         Reflect  .   (no cloak)
rCorr    .         Harm     .   j - +0 pair of gloves
MR       +....                  F - +2 pair of boots
Stlth    ..........             B - amulet of faith
HPRegen  0.00/turn              s - +3 ring of evasion
MPRegen  0.12/turn              h - ring of Naischuto {rF+ rC+ rN+ Stlth-}

@: non-regenerating
A: damage resistance, heal wounds, sense surroundings 2, no regeneration
a: Heal Wounds, Minor Destruction, Renounce Religion


You were on level 1 of the Lair of Beasts.
You worshipped Makhleb.
Makhleb was pleased with you.
You were hungry.

You visited 3 branches of the dungeon, and saw 10 of its levels.

You collected 570 gold pieces.

Inventory:

Hand Weapons
 v - a +0 broad axe
 C - a +0 morningstar
 E - a +3 flail
 H - a +4 war axe (weapon)
Armour
 g - a +0 plate armour (worn)
 j - a +0 pair of gloves (worn)
 p - a +0 large shield (worn)
 z - a +2 helmet (worn)
 F - a +2 pair of boots (worn)
Jewellery
 d - an uncursed amulet of the gourmand {unknown}
 h - the ring of Naischuto (right hand) {rF+ rC+ rN+ Stlth-}
   (You found it on level 4 of the Dungeon)

   [ring of loudness]

   It protects you from fire.
   It protects you from cold.
   It protects you from negative energy.
   It makes you less stealthy.
 s - a +3 ring of evasion (left hand)
 B - an amulet of faith (around neck)
 D - an uncursed ring of fire
Wands
 b - a wand of disintegration (15)
 k - a wand of paralysis (2)
 K - a wand of iceblast (5)
Scrolls
 c - 2 scrolls of fear
 e - 8 scrolls of immolation
 i - 4 scrolls of enchant armour
 l - a scroll of random uselessness
 m - 8 scrolls of teleportation
 n - a scroll of noise
 o - a scroll of remove curse
 t - 3 scrolls of magic mapping
 w - a scroll of vulnerability {unknown}
 y - a scroll of amnesia
 A - a scroll of fog
Potions
 a - a potion of haste {unknown}
 q - a potion of brilliance
 r - a potion of agility {unknown}
 x - a potion of flight
 J - a potion of invisibility
Comestibles
 f - 16 rations


   Skills:
 + Level 6.2 Fighting
 + Level 10.8 Axes
 + Level 0.3(6.2) Maces & Flails
 + Level 7.0 Armour
 + Level 0.9 Dodging
 + Level 6.0 Stealth
 + Level 10.4 Shields
 + Level 2.1 Evocations


You had 9 spell levels left.
You didn't know any spells.

Dungeon Overview and Level Annotations

Branches:
Dungeon (8/15)             Temple (1/1) D:6            Lair (1/6) D:8

Altars:
Ashenzari
Cheibriados
Dithmenos
Elyvilon
Fedhas
Gozag
Hepliaklqana
Kikubaaqudgha
Makhleb
Nemelex Xobeh
Okawaru
Qazlal
Ru
Sif Muna
Trog
Uskayaw
Vehumet
Wu Jian
Xom
Yredelemnul
Zin
The Shining One
Lugonu

Shops:
D:4 :

Annotations:
D:2 2 transporters, Menkaure


Innate Abilities, Weirdness & Mutations

You are resistant to damage.
You can heal yourself by infusing magical energy.
You passively map the area around you.
You do not regenerate.


Message History

You slash the hippogriff!
The hippogriff is heavily wounded.
You block the hippogriff's attack.
The hippogriff pecks you but does no damage.
The hippogriff claws you but does no damage.
You hit the hippogriff.
The hippogriff is heavily wounded.
You block the hippogriff's attack. x3
You slash the hippogriff!
The hippogriff is almost dead.
You block the hippogriff's attack.
The hippogriff pecks you but does no damage.
You block the hippogriff's attack.
You slice the hippogriff!!
You kill the hippogriff!
Makhleb accepts your kill.
Your Armour skill increases to level 7!
A crocodile comes into view.
You hit the crocodile but do no damage. The crocodile bites you!
You die...

, *.........#....#####* #.#
+#...#.........#....########.#
.....#..............#..##P...#
......#.##....##.............#
.........................<...#
.............................##
..............................#
##...........................##
...............t@......(......#
.#...##..#####.....##.P.##.#.##
#..,*##.#..##.............#.#
..., #.....P#.....#.........#
t# ##.....##.....#.........# *,
#......##.............#.# , ,
#####..##.....#.......#.# ,
#.###..##.....#.........#
.....(..........##.#.....#


You could see a crocodile.

Vanquished Creatures
  A hydra (Lair:1)
  A two-headed ogre (D:8)
  A spiny frog (Lair:1)
  2 hippogriffs
  5 yaks (D:8)
  A wyvern (D:7)
  A basilisk (D:8)
  2 orc warriors (D:7)
  4 porcupines (D:8)
  Purgy (D:3)
  An ice beast (D:5)
  3 sky beasts
  2 phantoms
  3 ogres
  2 crocodiles (D:8)
  4 bullfrogs
  A gnoll sergeant (D:7)
  A water moccasin skeleton (D:5)
  2 scorpions
  12 killer bees
  4 wights
  2 crimson imps (D:7)
  10 hounds
  A centaur skeleton (D:8)
  3 orc priests
  5 orc wizards
  2 bullfrog skeletons
  3 iguanas
  3 worker ants
  A hound zombie (D:5)
  A hound skeleton (D:4)
  A worker ant zombie (D:5)
  8 gnolls
  8 adders
  A howler monkey skeleton (D:8)
  5 shadow imps
  4 oozes
  A worm (D:2)
  3 dart slugs (D:2)
  6 leopard geckos
  19 orcs
  6 bats
  7 giant cockroaches
  10 goblins
  5 hobgoblins
  3 jackals (D:8)
  5 quokkas
  6 frilled lizards
  2 jackal skeletons (D:4)
  6 kobolds
  2 leopard gecko skeletons
  9 rats
202 creatures vanquished.

Vanquished Creatures (others)
  9 plants
9 creatures vanquished.

Grand Total: 211 creatures vanquished

Notes
Turn   | Place    | Note
-------+----------+-------------------------------------------
     0 | D:1      | Kairos the Deep Dwarf Fighter began the quest for the Orb.
     0 | D:1      | Reached XP level 1. HP: 20/20 MP: 1/1
   126 | D:1      | Reached XP level 2. HP: 25/28 MP: 2/2
   400 | D:1      | Reached XP level 3. HP: 24/34 MP: 3/3
   491 | D:1      | Found a sparkling altar of Nemelex Xobeh.
   846 | D:2      | Found a basalt altar of Yredelemnul.
   907 | D:2      | Noticed Menkaure
   917 | D:2      | Reached XP level 4. HP: 25/42 MP: 4/4
   921 | D:2      | Found an ancient bone altar of Kikubaaqudgha.
   972 | D:2      | Found a sparkling altar of Nemelex Xobeh.
   972 | D:2      | Found an opulent altar of Gozag.
  1015 | D:2      | Found a transporter.
  1017 | D:2      | Found a transporter.
  1604 | D:3      | Found a hide-covered altar of Uskayaw.
  1607 | D:3      | Noticed a hand axe
  1608 | D:3      | Noticed a dagger
  1626 | D:3      | Noticed Purgy
  1628 | D:3      | Reached XP level 5. HP: 28/49 MP: 5/5
  1673 | D:3      | Killed Purgy
  1727 | D:3      | Reached XP level 6. HP: 15/57 MP: 6/6
  2080 | D:4      | Reached skill level 5 in Shields
  2114 | D:4      | Reached skill level 5 in Axes
  2287 | D:4      | Got a scintillating golden ring
  2439 | D:4      | Found a deep blue altar of Sif Muna.
  2610 | D:4      | Reached XP level 7. HP: 37/64 MP: 7/7
  2731 | D:4      | Found Xerhin's Book Emporium.
  2912 | D:5      | Entered Level 5 of the Dungeon
  2927 | D:5      | Found a white marble altar of Elyvilon.
  2998 | D:5      | Identified the ring of Naischuto {rF+ rC+ rN+ Stlth-} (You found it on level 4 of the Dungeon)
  3492 | D:5      | Reached XP level 8. HP: 30/73 MP: 8/8
  3499 | D:5      | Found a glowing golden altar of the Shining One.
  3536 | D:5      | Reached skill level 1 in Stealth
  4079 | D:6      | Found a shadowy altar of Dithmenos.
  4143 | D:6      | Found a blossoming altar of Fedhas.
  4158 | D:6      | Found a staircase to the Ecumenical Temple.
  4167 | Temple   | Entered the Ecumenical Temple
  4369 | D:7      | Reached skill level 5 in Fighting
  4415 | D:7      | Reached skill level 5 in Armour
  4487 | D:7      | Gained mutation: You passively map the area around you. [Deep Dwarf growth]
  4487 | D:7      | Reached XP level 9. HP: 45/81 MP: 9/9
  4621 | D:7      | Found a burning altar of Makhleb.
  4622 | D:7      | Found a radiant altar of Vehumet.
  4634 | D:7      | Became a worshipper of Makhleb the Destroyer
  4902 | D:7      | Found a stormy altar of Qazlal.
  4902 | D:7      | Found a glowing golden altar of the Shining One.
  5202 | D:7      | Reached * piety under Makhleb
  5265 | D:8      | Noticed a two-headed ogre
  5286 | D:7      | Reached skill level 1 in Evocations
  5420 | D:8      | Killed a two-headed ogre
  5420 | D:8      | Reached skill level 10 in Axes
  5420 | D:8      | Reached XP level 10. HP: 41/91 MP: 11/11
  5434 | D:8      | Reached ** piety under Makhleb
  5465 | D:8      | Reached skill level 5 in Stealth
  5531 | D:8      | Found a staircase to the Lair.
  5722 | D:8      | Reached skill level 10 in Shields
  5734 | D:8      | Found a sacrificial altar of Ru.
  5861 | Lair:1   | Entered Level 1 of the Lair of Beasts
  5908 | Lair:1   | Noticed a spiny frog
  5928 | Lair:1   | Killed a spiny frog
  5946 | Lair:1   | Noticed a seven-headed hydra
  5956 | Lair:1   | HP: 4/91 [seven-headed hydra (5)]
  5960 | Lair:1   | Killed a seven-headed hydra
  6079 | Lair:1   | Slain by a crocodile

Vault maps used:
D:1:      lightli_iron_boxes, serial_forest, infiniplex_forest_straight_2,
          infiniplex_forest_end_1, infiniplex_forest_lined_1,
          infiniplex_forest_clump_double, infiniplex_forest_clump_small,
          infiniplex_forest_zigzag_2, nemelex_xobeh_ov_fountains_minmay
D:2:      grunt_temple_overflow_opulence, gammafunk_temple_of_torment
D:3:      dancing_weapons_uskayaw, uniq_purgy
D:4:      serial_shops, kennysheep_mini, led_sif_book
D:5:      elyvilon_altar_5, first_ration, minivault_1, tso_altar
D:6:      fedhas_altar_decomposition, grunt_dithmenos_smoke,
          lemuel_temple_firewalk_a
D:7:      grunt_temple_overflow_lords_of_destruction,
          gammafunk_temple_overflow_statue
D:8:      nicolae_overflow_hidden_temple, minmay_lair_entry_grove
Temple:   corrupted_temple

Skill      XL: |  1  2  3  4  5  6  7  8  9 10 |
---------------+-------------------------------+-----
Fighting       | 3 4 5 6 |  6.2
Axes           | 3 4 5 6 8 10 | 10.8
Shields        | 4 5 6 7 9 10 | 10.4
Armour         | 4 5 6 7 |  7.0
Stealth        | 3 4 6 |  6.0
Evocations     | 1 2 |  2.1
Maces & Flails | |  0.3
Dodging        | |  0.9

Action                   |  1- 3 |  4- 6 |  7- 9 | 10-12 || total
-------------------------+-------+-------+-------+-------++-------
Melee: War axe           |   162 |   166 |   372 |   123 ||   823
       Flail             |       |     8 |       |     7 ||    15
Evoke: Wand              |       |       |    14 |     5 ||    19
  Use: Potion            |       |     4 |     2 |     2 ||     8
       Scroll            |       |       |    15 |     2 ||    17
 Stab: Paralysed         |       |       |    16 |       ||    16
  Eat: Chunk             |       |     6 |    10 |     2 ||    18
Armor: Plate armour      |   126 |    92 |   216 |    74 ||   508
       Scale mail        |     5 |       |       |       ||     5
Dodge: Dodged            |    23 |    15 |    56 |    25 ||   119
Block: Shield            |    64 |       |       |       ||    64
       Large shield      |    39 |   169 |   368 |   113 ||   689

Table legend:
 A = Spawn XP
 B = Non-spawn XP
 C = Spawn XP percentage of total XP
 D = Spawn monster count
 E = Non-spawn monster count
 F = Spawn count percentage of total count
 G = Total turns spent on level
                    A         B        C        D         E        F      G
               +---------+---------+-------+---------+---------+-------+---------
         Total |       0 |    9829 |   0.0 |       0 |     202 |   0.0 |  6079
               +---------+---------+-------+---------+---------+-------+---------
           D:1 |       0 |      55 |   0.0 |       0 |      27 |   0.0 |   785
           D:2 |       0 |     137 |   0.0 |       0 |      27 |   0.0 |   802
           D:3 |       0 |     221 |   0.0 |       0 |      15 |   0.0 |   447
           D:4 |       0 |     330 |   0.0 |       0 |      17 |   0.0 |   878
           D:5 |       0 |    1020 |   0.0 |       0 |      22 |   0.0 |   787
           D:6 |       0 |     480 |   0.0 |       0 |      13 |   0.0 |   585
           D:7 |       0 |    2371 |   0.0 |       0 |      44 |   0.0 |   963
           D:8 |       0 |    3590 |   0.0 |       0 |      34 |   0.0 |   570
        Lair:1 |       0 |    1625 |   0.0 |       0 |       3 |   0.0 |   218
               +---------+---------+-------+---------+---------+-------+---------
